[ AOE2 MATCH · #508364986 ]
UnrankedKhmer vs Huns
Player's team · LOSS
Rival team · WIN
[ REPLAY ANALYSIS · EXTRACTED FROM THE RECORDED GAME ]
Feudal
10:35
Castle
16:18
Imperial
—
| APM avg | 30.6 |
| APM peak | 49 |
| eAPM avg | 16.9 |
| Villagers / military | 82 / 67 |
Focus
⚔️ 29.4% · 🌾 70.6%
Knight ×55 · Monk ×6 · Scorpion ×4 · Scout Cavalry ×2
Feudal
12:14
Castle
19:02
Imperial
—
| APM avg | 67.5 |
| APM peak | 91 |
| eAPM avg | 25.1 |
| Villagers / military | 96 / 84 |
Focus
⚔️ 16.8% · 🌾 83.2%
Knight ×72 · Militia ×6 · Archer ×3 · Spearman ×3
Match map
Initial resources + every placement click. Lines = walls · curves = elevation contours. ◆ gold · ⬟ stone · ● berries · ✦ relic · ◌ wall gap
Your base· Open — unwalled flank
NestorAoe's base· Open — unwalled flank
Smoothed initial terrain · ◌ = detected wall gap · hover for details
Inputs per minute
— Real 2K - - NestorAoe
Build order — Real 2K
First 150 of 237 actions detected
| 0:01 | Queue | Villager (Male) |
| 0:01 | Queue | Villager (Male) |
| 0:02 | Build | House |
| 0:04 | Build | House |
| 0:07 | Queue | Villager (Male) |
| 0:07 | Queue | Villager (Male) |
| 1:32 | Queue | Villager (Male) |
| 1:55 | Queue | Villager (Male) |
| 2:01 | Build | Lumber Camp |
| 2:23 | Queue | Villager (Male) |
| 2:52 | Queue | Villager (Male) |
| 2:53 | Queue | Villager (Male) |
| 2:54 | Queue | Villager (Male) |
| 2:54 | Queue | Villager (Male) |
| 3:28 | Queue | Villager (Male) |
| 3:50 | Build | Mill |
| 3:59 | Build | House |
| 4:04 | Build | Mill |
| 4:15 | Queue | Villager (Male) |
| 4:15 | Queue | Villager (Male) |
| 5:00 | Queue | Villager (Male) |
| 5:00 | Queue | Villager (Male) |
| 5:01 | Queue | Villager (Male) |
| 5:40 | Queue | Villager (Male) |
| 5:42 | Queue | Villager (Male) |
| 5:42 | Queue | Villager (Male) |
| 5:59 | Build | Mining Camp |
| 6:03 | Build | Mining Camp |
| 6:08 | Queue | Villager (Male) |
| 6:23 | Queue | Villager (Male) |
| 6:27 | Queue | Villager (Male) |
| 6:28 | Queue | Villager (Male) |
| 7:01 | Build | House |
| 7:09 | Research | Loom |
| 7:17 | Build | Palisade Wall |
| 7:19 | Build | Palisade Wall |
| 7:29 | Queue | Villager (Male) |
| 7:30 | Queue | Villager (Male) |
| 7:37 | Build | Palisade Wall |
| 7:54 | Build | Mill |
| 8:10 | Build | Palisade Wall |
| 8:11 | Build | Palisade Wall |
| 8:20 | Research | Feudal Age |
| 8:37 | Build | Palisade Wall |
| 9:50 | Queue | Villager (Male) |
| 9:54 | Build | Farm |
| 9:56 | Queue | Villager (Male) |
| 10:11 | Build | Farm |
| 10:27 | Queue | Villager (Male) |
| 10:35 | Age | Feudal Age |
| 10:51 | Build | Watch Tower |
| 11:02 | Queue | Villager (Male) |
| 11:04 | Build | Farm |
| 11:16 | Build | Palisade Wall |
| 11:41 | Queue | Villager (Male) |
| 11:47 | Build | Palisade Wall |
| 11:52 | Build | Palisade Wall |
| 12:06 | Build | Watch Tower |
| 12:15 | Build | Farm |
| 12:17 | Build | Farm |
| 12:20 | Build | House |
| 12:33 | Queue | Villager (Male) |
| 12:42 | Build | House |
| 13:19 | Build | Farm |
| 13:20 | Build | Farm |
| 13:38 | Research | Castle Age |
| 14:11 | Build | Stable |
| 14:20 | Build | Farm |
| 14:32 | Research | Double-Bit Axe |
| 14:48 | Build | Farm |
| 15:11 | Research | Horse Collar |
| 15:27 | Build | Farm |
| 16:11 | Queue | Villager (Male) |
| 16:11 | Queue | Villager (Male) |
| 16:18 | Age | Castle Age |
| 16:21 | Queue | Knight |
| 16:30 | Build | Siege Workshop |
| 16:33 | Queue | Villager (Male) |
| 16:39 | Queue | Knight |
| 16:45 | Queue | Villager (Male) |
| 16:55 | Queue | Knight |
| 17:08 | Queue | Scorpion |
| 17:32 | Queue | Knight |
| 17:34 | Build | Blacksmith |
| 17:47 | Queue | Scorpion |
| 17:59 | Build | House |
| 18:09 | Build | House |
| 18:26 | Queue | Scorpion |
| 18:44 | Build | Farm |
| 18:45 | Build | House |
| 18:49 | Queue | Knight |
| 18:49 | Queue | Knight |
| 18:54 | Queue | Villager (Male) |
| 18:56 | Build | House |
| 19:16 | Queue | Villager (Male) |
| 19:18 | Build | Farm |
| 19:22 | Queue | Knight |
| 19:22 | Queue | Knight |
| 19:36 | Queue | Villager (Male) |
| 19:36 | Queue | Villager (Male) |
| 19:45 | Build | Farm |
| 19:45 | Queue | Villager (Male) |
| 19:47 | Queue | Scorpion |
| 19:52 | Queue | Villager (Male) |
| 19:56 | Queue | Villager (Male) |
| 19:59 | Build | Farm |
| 20:00 | Queue | Villager (Male) |
| 20:11 | Queue | Villager (Male) |
| 20:16 | Queue | Knight |
| 20:16 | Queue | Knight |
| 20:16 | Queue | Knight |
| 20:16 | Queue | Knight |
| 20:38 | Queue | Villager (Male) |
| 20:42 | Queue | Villager (Male) |
| 20:59 | Queue | Villager (Male) |
| 20:59 | Queue | Villager (Male) |
| 21:04 | Queue | Knight |
| 21:04 | Queue | Knight |
| 21:31 | Research | Scale Barding Armor |
| 21:42 | Queue | Villager (Male) |
| 21:44 | Queue | Knight |
| 21:44 | Queue | Knight |
| 22:30 | Queue | Villager (Male) |
| 22:49 | Queue | Villager (Male) |
| 22:54 | Build | Market |
| 22:55 | Queue | Villager (Male) |
| 22:55 | Queue | Villager (Male) |
| 22:57 | Queue | Knight |
| 22:57 | Queue | Knight |
| 22:57 | Queue | Knight |
| 22:57 | Queue | Knight |
| 23:13 | Build | Farm |
| 23:15 | Build | Farm |
| 23:23 | Queue | Villager (Male) |
| 23:27 | Build | Monastery |
| 23:27 | Queue | Villager (Male) |
| 23:31 | Research | Forging |
| 23:33 | Queue | Knight |
| 23:33 | Queue | Knight |
| 23:33 | Queue | Knight |
| 23:57 | Research | Gold Mining |
| 24:11 | Build | Palisade Wall |
| 24:12 | Build | Palisade Gate |
| 24:35 | Research | Wheelbarrow |
| 24:46 | Queue | Villager (Male) |
| 24:50 | Queue | Knight |
| 24:51 | Queue | Knight |
| 25:06 | Queue | Knight |
| 25:07 | Queue | Knight |
| 25:12 | Queue | Villager (Male) |
Build order — NestorAoe
First 150 of 213 actions detected
| 0:02 | Queue | Villager (Male) ×4 |
| 1:16 | Queue | Villager (Male) |
| 1:47 | Queue | Villager (Male) |
| 1:58 | Build | Lumber Camp |
| 2:14 | Queue | Villager (Male) |
| 2:14 | Queue | Villager (Male) |
| 2:45 | Queue | Villager (Male) |
| 2:45 | Queue | Villager (Male) |
| 3:27 | Queue | Villager (Male) |
| 3:27 | Queue | Villager (Male) |
| 4:16 | Queue | Villager (Male) |
| 4:53 | Build | Barracks |
| 5:00 | Queue | Villager (Male) |
| 5:01 | Queue | Villager (Male) |
| 5:01 | Queue | Villager (Male) |
| 5:01 | Queue | Villager (Male) |
| 5:42 | Queue | Villager (Male) |
| 5:42 | Queue | Villager (Male) |
| 5:59 | Queue | Militia ×3 |
| 5:59 | Queue | Militia ×3 |
| 6:08 | Research | Loom |
| 6:33 | Queue | Villager (Male) |
| 6:42 | Build | Mill |
| 6:58 | Queue | Villager (Male) |
| 7:08 | Queue | Villager (Male) |
| 7:47 | Queue | Villager (Male) |
| 7:51 | Build | Farm |
| 7:52 | Build | Farm |
| 7:52 | Build | Farm |
| 7:52 | Build | Farm |
| 8:18 | Queue | Villager (Male) |
| 8:47 | Queue | Villager (Male) |
| 8:54 | Build | Mill |
| 9:15 | Queue | Villager (Male) |
| 10:04 | Research | Feudal Age |
| 10:29 | Build | Farm |
| 10:45 | Queue | Villager (Male) |
| 10:53 | Build | Mining Camp |
| 11:58 | Queue | Villager (Male) |
| 12:14 | Age | Feudal Age |
| 12:15 | Research | Man-at-Arms (upgrade) |
| 12:18 | Research | Double-Bit Axe |
| 12:23 | Build | Archery Range |
| 12:29 | Build | Blacksmith |
| 12:48 | Queue | Villager (Male) |
| 13:05 | Queue | Villager (Male) |
| 13:23 | Build | Farm |
| 13:23 | Build | Farm |
| 13:27 | Queue | Archer |
| 13:30 | Queue | Villager (Male) |
| 13:47 | Queue | Villager (Male) |
| 13:54 | Queue | Archer |
| 13:58 | Queue | Villager (Male) |
| 14:13 | Queue | Villager (Male) |
| 14:19 | Build | Farm |
| 14:25 | Build | Farm |
| 14:45 | Queue | Archer |
| 14:58 | Build | Farm |
| 14:59 | Build | Farm |
| 15:15 | Queue | Villager (Male) |
| 15:25 | Build | Farm |
| 15:45 | Build | Farm |
| 16:22 | Research | Castle Age |
| 16:48 | Research | Gold Mining |
| 17:14 | Build | Stable |
| 17:24 | Queue | Spearman |
| 17:24 | Queue | Spearman |
| 17:38 | Build | Stable |
| 17:59 | Queue | Villager (Male) |
| 18:02 | Research | Horse Collar |
| 18:02 | Research | Horse Collar |
| 18:27 | Queue | Villager (Male) |
| 18:42 | Research | Bloodlines |
| 18:42 | Research | Bloodlines |
| 18:46 | Build | Stable |
| 18:53 | Queue | Spearman |
| 19:02 | Age | Castle Age |
| 19:05 | Queue | Knight |
| 19:05 | Queue | Knight |
| 19:15 | Research | Heavy Plow |
| 19:25 | Build | Farm |
| 19:25 | Build | Farm |
| 19:25 | Build | Farm |
| 19:34 | Queue | Knight |
| 19:41 | Queue | Villager (Male) |
| 20:16 | Research | Scale Barding Armor |
| 20:24 | Queue | Knight ×2 |
| 20:24 | Queue | Knight ×2 |
| 20:29 | Build | Farm |
| 20:33 | Queue | Villager (Male) |
| 20:33 | Queue | Villager (Male) |
| 20:54 | Build | Farm |
| 20:57 | Queue | Villager (Male) |
| 21:07 | Build | Farm |
| 21:12 | Queue | Knight ×2 |
| 21:34 | Queue | Villager (Male) |
| 21:34 | Queue | Villager (Male) |
| 22:11 | Queue | Knight ×2 |
| 22:11 | Queue | Knight ×2 |
| 22:37 | Queue | Villager (Male) |
| 22:37 | Queue | Villager (Male) |
| 22:38 | Research | Town Watch |
| 22:39 | Research | Town Watch |
| 22:47 | Queue | Villager (Male) |
| 23:07 | Build | Town Center |
| 23:18 | Research | Husbandry |
| 23:18 | Research | Husbandry |
| 23:19 | Queue | Knight |
| 23:36 | Queue | Villager (Male) |
| 23:39 | Research | Wheelbarrow |
| 23:43 | Queue | Villager (Male) |
| 23:43 | Queue | Villager (Male) |
| 23:59 | Build | Farm |
| 24:34 | Research | Chain Barding Armor |
| 24:34 | Research | Chain Barding Armor |
| 24:41 | Queue | Knight |
| 24:42 | Queue | Knight |
| 24:49 | Queue | Villager (Male) |
| 24:56 | Build | Farm |
| 24:56 | Build | Farm |
| 25:05 | Queue | Knight |
| 25:18 | Queue | Knight |
| 25:18 | Queue | Knight |
| 25:22 | Build | Farm |
| 25:22 | Build | Farm |
| 25:37 | Queue | Villager (Male) |
| 25:37 | Queue | Villager (Male) |
| 25:37 | Queue | Villager (Male) |
| 25:37 | Queue | Villager (Male) |
| 26:05 | Queue | Villager (Male) |
| 26:05 | Queue | Villager (Male) |
| 26:24 | Queue | Knight ×2 |
| 26:31 | Build | Market |
| 26:40 | Queue | Knight |
| 26:40 | Queue | Knight |
| 27:01 | Queue | Villager (Male) |
| 27:01 | Queue | Villager (Male) |
| 27:02 | Queue | Villager (Male) |
| 27:02 | Queue | Villager (Male) |
| 27:13 | Queue | Knight |
| 27:21 | Queue | Knight ×2 |
| 27:42 | Queue | Villager (Male) |
| 27:42 | Queue | Villager (Male) |
| 27:42 | Queue | Villager (Male) |
| 28:04 | Queue | Villager (Male) |
| 28:04 | Queue | Villager (Male) |
| 28:04 | Queue | Villager (Male) |
| 28:25 | Research | Forging |
| 28:29 | Queue | Knight ×5 |
| 28:30 | Queue | Villager (Male) |
Match timeline
| 4:53 | NestorAoe · first_building Barracks |
| 7:17 | Real 2K · wall_segment Palisade Wall x1 |
| 7:19 | Real 2K · wall_segment Palisade Wall x1 |
| 7:37 | Real 2K · wall_segment Palisade Wall x2 |
| 8:10 | Real 2K · wall_segment Palisade Wall x2 |
| 8:11 | Real 2K · wall_segment Palisade Wall x3 |
| 8:37 | Real 2K · wall_segment Palisade Wall x1 |
| 10:35 | Real 2K · age_up feudal |
| 11:16 | Real 2K · wall_segment Palisade Wall x3 |
| 11:47 | Real 2K · wall_segment Palisade Wall x2 |
| 11:52 | Real 2K · wall_segment Palisade Wall x1 |
| 12:14 | NestorAoe · age_up feudal |
| 12:23 | NestorAoe · first_building Archery Range |
| 14:11 | Real 2K · first_building Stable |
| 16:18 | Real 2K · age_up castle |
| 16:30 | Real 2K · first_building Siege Workshop |
| 17:14 | NestorAoe · first_building Stable |
| 19:02 | NestorAoe · age_up castle |
| 23:27 | Real 2K · first_building Monastery |
| 24:11 | Real 2K · wall_segment Palisade Wall x2 |
| 24:22 | Real 2K · first_market_sell 100 food |
| 24:23 | Real 2K · first_market_buy 100 stone |
| 28:23 | NestorAoe · first_market_buy 100 food |
| 32:29 | Real 2K · wall_segment Palisade Wall x1 |
| 33:11 | Real 2K · wall_segment Palisade Wall x1 |
| 34:10 | Real 2K · wall_segment Palisade Wall x1 |
| 34:26 | Real 2K · resign |
[ AI ANALYSIS · 1 CREDIT ]
What really happened in this match?
Wolo.gg analyzes every decision: build order, eco, micro, common mistakes by bracket. Personalized analysis on WhatsApp or Discord in 30 seconds.
Civ guide
Khmer
Perfil
Jugador #18506023